 Dungeon Crawl Stone Soup version 0.29-a0-775-g4d7333d4e2 (webtiles) character file.

Game seed: 15530251030635418802

81300 marklar909 the Basher (level 15, -2/128 HPs)
             Began as a Palentonga Fighter on July 1, 2022.
             Was an Initiate of Gozag.
             Slain by an orc knight
             ... wielding a +0 great sword
              (45 damage)
             ... on level 1 of the Orcish Mines on July 2, 2022.
             The game lasted 01:37:23 (30481 turns).

marklar909 the Basher (Palentonga Fighter)         Turns: 30481, Time: 01:37:23

Health: -2/128     AC: 24    Str: 24    XL:     15   Next: 26%
Magic:  15/15      EV: 15    Int: 10    God:    Gozag
Gold:   4276       SH: 12    Dex: 17    Spells: 14/14 levels left

rFire   . . .      SeeInvis +   J - +7 flail (flame)
rCold   . . .      Faith    .   L - +0 kite shield
rNeg    . . .      Spirit   .   K - +0 scale mail {rPois}
rPois   +          Reflect  .   k - +2 hat {Will+}
rElec   .          Harm     .   r - +2 cloak
rCorr   .          Rampage  .   Q - +2 pair of gloves
Will    ++...                   (no barding)
Stlth   +.........              I - amulet of regeneration
HPRegen 1.11/turn               p - +4 ring of evasion
MPRegen 0.14/turn               G - +6 ring of dexterity

@: about to teleport, curled up
A: large, rugged brown scales 3, see invisible, deformed body, roll 1, armoured
tail, reflexive curl
a: Rolling Charge, Renounce Religion, Potion Petition, Call Merchant, Bribe
Branch


You were on level 1 of the Orcish Mines.
You worshipped Gozag.
Gozag was most pleased with you.
You visited 4 branches of the dungeon, and saw 22 of its levels.

You collected 7198 gold pieces.
You spent 246 gold pieces at shops.
You paid 2676 gold pieces to Gozag.

Inventory:

Hand Weapons
 J - a +7 flail of flaming (weapon)
 P - the +2 flail "Pisalas" {holy, Str+3}
   (You bought it in a shop on level 9 of the Dungeon)

   It has been blessed by the Shining One to cause great damage to the undead
   and demons.
   Str:       It affects your strength (+3).
 T - a +1 demon whip of venom
Missiles
 y - 3 throwing nets
Armour
 k - a +2 hat of willpower (worn)
 m - a +0 plate armour of cold resistance
 r - a +2 cloak (worn)
 H - +1 shadow dragon scales
 K - a +0 scale mail of poison resistance (worn)
 L - a +0 kite shield (worn)
 Q - a +2 pair of gloves (worn)
Jewellery
 l - an amulet of the acrobat
 p - a +4 ring of evasion (left hand)
 B - a ring of wizardry
 G - a +6 ring of dexterity (right hand)
 I - an amulet of regeneration (around neck)
 M - a ring of positive energy
Wands
 u - a wand of charming (31)
 C - a wand of iceblast (3)
 S - a wand of digging (5)
Scrolls
 a - 3 scrolls of summoning
 b - a scroll of silence
 f - 5 scrolls of poison
 n - 3 scrolls of magic mapping
 q - 8 scrolls of teleportation
 s - a scroll of blinking
 v - 3 scrolls of enchant armour
 A - 8 scrolls of identify
 D - 2 scrolls of fog
 F - 2 scrolls of immolation
 R - 3 scrolls of amnesia
Potions
 c - a potion of berserk rage
 d - 2 potions of might
 e - 11 potions of curing
 g - 3 potions of heal wounds
 h - 7 potions of flight
 i - 3 potions of cancellation
 j - 2 potions of resistance
 o - 6 potions of mutation
 w - 5 potions of brilliance
 x - 3 potions of lignification
 N - 2 potions of haste
 O - a potion of ambrosia


   Skills:
 + Level 12.1 Fighting
 + Level 10.0(13.1) Axes
 + Level 13.5(14.8) Maces & Flails
 - Level 0.8(5.7) Polearms
 + Level 9.9 Armour
 + Level 7.9 Dodging
 + Level 3.3 Stealth
 + Level 10.2 Shields
 + Level 3.8 Evocations


You had 14 spell levels left.
You didn't know any spells.
Your spell library contained the following spells:

 Spells                   Type           Power      Damage    Failure   Level
 Magic Dart               Conj           0%         1d3       82%         1
 Summon Small Mammal      Summ           0%         N/A       82%         1
 Call Imp                 Summ           0%         N/A       91%         2
 Ensorcelled Hibernation  Hex/Ice        0%         N/A       91%         2
 Static Discharge         Conj/Air       0%         3-3/arc   91%         2
 Call Canine Familiar     Summ           0%         N/A       99%         3
 Confusing Touch          Hex            0%         N/A       99%         3
 Dazzling Flash           Conj/Hex       0%         N/A       99%         3
 Mephitic Cloud           Conj/Pois/Air  0%         N/A       99%         3
 Ozocubu's Armour         Ice            0%         N/A       99%         3
 Spider Form              Tmut/Pois      0%         N/A       99%         3
 Summon Guardian Golem    Hex/Summ       0%         N/A       99%         3
 Airstrike                Air            0%         0-1+      100%        4
 Anguish                  Hex/Necr       0%         N/A       100%        4
 Dispel Undead            Necr           0%         3d6       100%        4
 Iskenderun's Mystic Bla  Conj/Tloc      0%         2d3       100%        4
 Sticky Flame             Conj/Fire      0%         2d3       100%        4
 Summon Lightning Spire   Summ/Air       0%         N/A       100%        4
 Blade Hands              Tmut           0%         N/A       100%        5
 Irradiate                Conj/Tmut      0%         3d13      100%        5
 Lightning Bolt           Conj/Air       0%         1d11      100%        5
 Metabolic Englaciation   Hex/Ice        0%         N/A       100%        5
 Yara's Violent Unravell  Hex/Tmut       0%         3d3       100%        5
 Death Channel            Necr           0%         N/A       100%        6
 Starburst                Conj/Fire      0%         6d3       100%        6
 Dragon Form              Tmut           0%         N/A       100%        7
 Enfeeble                 Hex            0%         N/A       100%        7
 Chain Lightning          Conj/Air       0%         N/A       100%        9
 Fire Storm               Conj/Fire      0%         5d1       100%        9
 Shatter                  Erth           0%         3d5*      100%        9
 Corpse Rot               Necr/Pois/Air  Unusable   N/A       N/A         4
 Simulacrum               Ice/Necr       Unusable   N/A       N/A         6

Dungeon Overview and Level Annotations

Branches:
Dungeon (13/15)            Temple (1/1) D:7            Lair (6/6) D:11
 Shoals (0/4) Lair:3        Snake (0/4) Lair:3        Slime (0/5) Lair:5
    Orc (2/2) D:12            Elf (0/3) Orc:2        Vaults (0/5) D:13

Altars:
Ashenzari
Cheibriados
Dithmenos
Elyvilon
Fedhas
Gozag
Hepliaklqana
Kikubaaqudgha
Makhleb
Nemelex Xobeh
Okawaru
Qazlal
Ru
Sif Muna
Trog
Uskayaw
Vehumet
Wu Jian
Xom
Yredelemnul
Zin
The Shining One
Beogh

Shops:
D:6 (   D:9 (   Orc:2 (

Annotations:
D:10 exclusion: ice statue


Innate Abilities, Weirdness & Mutations

You are completely covered in rugged brown scales. (AC +3, +7% HP)
You have supernaturally acute eyesight. (SInv)
Armour fits poorly on your strangely shaped body.
You can roll at nearby foes to attack.
You have a long armoured tail.
You curl defensively after being hit. (AC +7*)


Message History

HP restored.
You climb downwards.
The orc knight roars a battlecry!
The orc knight goes into a battle-frenzy!
The orc knight closely misses you.
There is a stone staircase leading up here.
The orc knight roars a battlecry!
The orc knight goes into a battle-frenzy!
Okay, then.
You block the orc knight's attack. The orc knight closely misses you.
You block the orc knight's attack.
The orc knight attacks as you move away!
The orc knight misses you.
Things that are here:
a +0 chain mail; a +0 broad axe of electrocution
Things that are here:
a +0 leather armour; a +0 falchion
There is a stone staircase leading up, spattered with blood here.
Okay, then.
The orc knight hits you with a +0 great sword!!
The orc knight hits you from afar with a +0 glaive!!
You climb upwards.
There is a stone staircase leading down here.
Unknown command.
The orc knight attacks as you move away!
The orc knight hits you with a +0 great sword!!
Things that are here:
a +0 robe; a +0 dagger
As you read the scroll of teleportation, it crumbles to dust.
You feel strangely unstable.
The orc knight hits you with a +0 great sword!
* * * LOW HITPOINT WARNING * * *
Unknown command.
You don't know any spells.
Okay, then.
Unknown command.
You feel much better.
The orc knight hits you with a +0 great sword!!!
You die...
Your body crumbles into a pile of gold.

#.#.....# #.....##
#
###..#....###....##
##
#.#...#.........##
.##
###......##....####
..###
##....#.)###.#...#
..#.##
##.....#....#######
#....#
#......##.....##
.....#
#.....####...#.#
...###
#.....##.@o..###
....#
##....###[$#.#
...## ##.....).####
..## ###......# .##
#.....## ## ##.#.##
#####


You could see an orc knight (strong).

Vanquished Creatures
  Saint Roka (Orc:1)
  Rupert (Lair:6)
  Gastronok (D:8)
  The ghost of Hetipnorha the Marksdemigod, a journeyman DgHu (Lair:5)
  Fannar (Lair:3)
  A boulder beetle (D:9)
  9 hydras
  2 centaur warriors (D:13)
  The ghost of Hefases the Carver, a journeyman OpWn of Dithmenos (Lair:1)
  3 two-headed ogres
  6 death yaks
  2 orc high priests (Orc:2)
  Sonja (Lair:6)
  Urug (D:10)
  A deep elf knight (D:13)
  Amaemon (Lair:1)
  A lindwurm (Lair:3)
  2 deep elf zephyrmancers (D:13)
  4 orc knights
  An oklob plant (Lair:6)
  A manticore (D:12)
  An orc sorcerer (Orc:1)
  Joseph (Lair:1)
  A cyclops (D:11)
  6 black mambas
  4 elephants (Lair:5)
  2 torpor snails
  15 cane toads
  An orange demon (Lair:1)
  2 gargoyles
  Maggie (Lair:2)
  A kobold demonologist (D:8)
  5 yaktaurs (D:13)
  An unseen horror (D:12)
  15 komodo dragons
  2 rime drakes
  13 trolls
  3 meliai
  8 hornets
  6 polar bears
  20 blink frogs
  10 dream sheep
  Sigmund (D:3)
  2 water elementals (D:11)
  A shadow (D:11)
  2 wraiths
  13 spriggans (Lair:6)
  An unseen horror simulacrum (D:8)
  2 wyverns
  59 yaks
  3 basilisks
  A vampire mosquito (D:10)
  3 wargs (Orc:1)
  A steam dragon (D:8)
  4 acid dragons
  18 water moccasins
  5 black bears
  4 ice beasts
  22 orc warriors
  4 boggarts
  5 ogres
  22 wolves
  4 phantoms
  3 centaurs (D:13)
  11 kobold brigands
  16 bullfrogs
  4 gnoll sergeants
  A necrophage (D:8)
  4 scorpions
  4 wights (D:7)
  6 killer bees
  9 electric eels
  4 howler monkeys
  A wyvern simulacrum (D:8)
  A bouda (D:7)
  3 jellies
  21 orc priests
  8 hounds
  4 iguanas
  18 orc wizards
  23 gnolls
  11 adders
  4 shadow imps
  5 white imps
  2 ufetubi (D:6)
  3 worms
  2 dart slugs
  91 orcs
  7 bats
  An endoplasm (D:4)
  2 giant cockroaches
  5 goblins
  17 hobgoblins
  3 jackals (D:1)
  7 quokkas
  9 ball pythons
  A frilled lizard (D:2)
  38 kobolds
  7 kobold skeletons (D:8)
  11 kobold zombies (D:8)
  4 rats
708 creatures vanquished.

Vanquished Creatures (collateral kills)
  A boulder beetle (D:12)
  An orc wizard (D:12)
  2 orcs (D:12)
4 creatures vanquished.

Vanquished Creatures (others)
  2 orcs (D:12)
  65 fungi
  100 plants
167 creatures vanquished.

Grand Total: 879 creatures vanquished

Notes
Turn   | Place    | Note
-------+----------+-------------------------------------------
     0 | D:1      | marklar909 the Palentonga Fighter began the quest for the
                  | Orb.
     0 | D:1      | Reached XP level 1. HP: 19/19 MP: 1/1
   160 | D:1      | Reached XP level 2. HP: 23/25 MP: 2/2
  1257 | D:2      | Reached XP level 3. HP: 22/31 MP: 3/3
  2140 | D:3      | Noticed Sigmund
  2151 | D:3      | Killed Sigmund
  2152 | D:3      | Reached XP level 4. HP: 26/39 MP: 4/4
  2152 | D:3      | Reached XP level 5. HP: 29/44 MP: 5/5
  2816 | D:2      | Reached XP level 6. HP: 44/51 MP: 6/6
  3194 | D:4      | Reached skill level 1 in Dodging
  3370 | D:4      | Reached skill level 5 in Axes
  3455 | D:4      | Gained mutation: You curl defensively after being hit. (AC
                  | +7*) [Palentonga growth]
  3455 | D:4      | Reached XP level 7. HP: 54/57 MP: 7/7
  4112 | D:5      | Entered Level 5 of the Dungeon
  4664 | D:5      | Reached skill level 1 in Evocations
  4664 | D:5      | Reached XP level 8. HP: 41/65 MP: 8/8
  5434 | D:6      | Reached skill level 5 in Fighting
  5526 | D:6      | Found a hazy altar of Hepliaklqana.
  5586 | D:6      | Found Gozike Bime's Weapon Shoppe.
  6158 | D:6      | Reached XP level 9. HP: 65/72 MP: 3/9
  6568 | D:7      | Reached skill level 5 in Armour
  6674 | D:7      | Found a staircase to the Ecumenical Temple.
  6770 | Temple   | Entered the Ecumenical Temple
  6770 | Temple   | Found a transporter.
  6770 | Temple   | Found a transporter.
  6772 | Temple   | Found a transporter.
  6772 | Temple   | Found a transporter.
  6813 | Temple   | Became a worshipper of Gozag Ym Sagoz the Greedy
  7241 | D:8      | Reached skill level 1 in Maces & Flails
  7241 | D:8      | Reached skill level 1 in Stealth
  7384 | D:7      | Reached skill level 2 in Maces & Flails
  7574 | D:8      | Noticed a polar bear
  7590 | D:8      | Killed a polar bear
  7591 | D:8      | Reached skill level 5 in Shields
  7625 | D:8      | Noticed a kobold demonologist
  7631 | D:8      | Noticed a sixfirhy
  7985 | D:8      | Noticed a sixfirhy
  8357 | D:8      | Noticed an orange demon
  8363 | D:8      | Killed a kobold demonologist
  8364 | D:8      | Reached XP level 10. HP: 76/82 MP: 10/10
  8627 | D:8      | Found an ancient bone altar of Kikubaaqudgha.
  8755 | D:8      | Found an ornate altar of the Wu Jian Council.
  9259 | D:8      | Noticed Gastronok
  9284 | D:8      | Killed Gastronok
  9769 | D:9      | Reached skill level 5 in Dodging
 10251 | D:9      | Noticed a boulder beetle
 10418 | D:9      | Found a bloodstained altar of Trog.
 10443 | D:9      | Noticed a two-headed ogre
 10788 | D:8      | Reached XP level 11. HP: 73/92 MP: 11/11
 11162 | D:10     | Entered Level 10 of the Dungeon
 11222 | D:10     | Noticed Urug
 11237 | D:10     | Killed Urug
 11781 | D:10     | Noticed a two-headed ogre
 11799 | D:10     | Killed a two-headed ogre
 13512 | D:9      | Killed a boulder beetle
 14026 | D:9      | Killed a two-headed ogre
 14231 | D:9      | Found Vimoceip's Antique Weapon Shop.
 14234 | D:9      | Bought a twisted flail for 246 gold pieces
 14234 | D:9      | Identified the +2 flail "Pisalas" {holy, Str+3} (You bought
                  | it in a shop on level 9 of the Dungeon)
 15221 | D:11     | Found a staircase to the Lair.
 15951 | D:11     | Reached skill level 10 in Axes
 16572 | D:12     | Reached XP level 12. HP: 101/101 MP: 12/12
 16768 | D:12     | Reached skill level 3 in Maces & Flails
 17186 | D:12     | Reached skill level 4 in Maces & Flails
 17245 | D:12     | Noticed a boulder beetle
 17615 | D:12     | Killed a boulder beetle
 18385 | D:12     | Found a staircase to the Orcish Mines.
 18708 | Lair:1   | Entered Level 1 of the Lair of Beasts
 18723 | D:11     | Reached skill level 5 in Maces & Flails
 18798 | Lair:1   | Noticed a six-headed hydra
 18815 | Lair:1   | Killed a six-headed hydra
 19005 | Lair:1   | Noticed Hefases's ghost (journeyman OpWn)
 19024 | Lair:1   | Found a transporter.
 19025 | Lair:1   | Noticed Amaemon
 19034 | Lair:1   | Killed Amaemon
 19035 | Lair:1   | Reached skill level 6 in Maces & Flails
 19122 | Lair:1   | Noticed Joseph
 19131 | Lair:1   | Killed Joseph
 19174 | Lair:1   | Found a transporter.
 19745 | Lair:2   | Noticed Maggie
 19747 | Lair:2   | Reached skill level 7 in Maces & Flails
 20099 | Lair:2   | Reached skill level 8 in Maces & Flails
 20341 | Lair:2   | Reached XP level 13. HP: 110/110 MP: 13/13
 20419 | Lair:2   | Killed Maggie
 20477 | Lair:3   | Reached skill level 10 in Fighting
 20522 | Lair:3   | Found a staircase to the Snake Pit.
 20558 | Lair:3   | Noticed Fannar
 20564 | Lair:3   | Killed Fannar
 20625 | Lair:3   | Found a staircase to the Shoals.
 20723 | Lair:2   | Reached skill level 9 in Maces & Flails
 21537 | Lair:3   | Reached skill level 10 in Maces & Flails
 22370 | Lair:4   | Reached skill level 11 in Maces & Flails
 22370 | Lair:4   | Reached XP level 14. HP: 63/120 MP: 14/14
 22960 | Lair:5   | Found a runed translucent gate.
 22960 | Lair:5   | Found a runed translucent gate.
 22960 | Lair:5   | Found a runed translucent gate.
 23211 | Lair:5   | Found a staircase to the Slime Pits.
 23568 | Lair:5   | Noticed Hetipnorha's ghost (journeyman DgHu)
 23777 | Lair:1   | Killed Hefases's ghost
 24342 | Lair:5   | Killed Hetipnorha's ghost
 24378 | Lair:6   | Entered Level 6 of the Lair of Beasts
 24906 | Lair:6   | Reached skill level 12 in Maces & Flails
 25089 | Lair:6   | Noticed Rupert
 25294 | Lair:6   | Noticed Sonja
 25306 | Lair:6   | Killed Sonja
 25689 | Lair:6   | Killed Rupert
 26105 | Lair:6   | Found a blossoming altar of Fedhas.
 27130 | D:13     | Reached skill level 13 in Maces & Flails
 27542 | D:13     | Reached XP level 15. HP: 128/128 MP: 15/15
 27657 | D:13     | Found a gate to the Vaults.
 28004 | Orc:1    | Entered Level 1 of the Orcish Mines
 28467 | Orc:2    | Entered Level 2 of the Orcish Mines
 28796 | Orc:2    | Found a staircase to the Elven Halls.
 28891 | Orc:2    | Found Ihu Acur's Weapon Emporium.
 28966 | Orc:2    | Noticed Saint Roka
 29354 | Orc:2    | Reached skill level 10 in Shields
 30161 | Orc:1    | Killed Saint Roka
 30481 | Orc:1    | Slain by an orc knight

Illustrated notes

Levels and vault maps discovered:
D:1:      heliophobic_arrival_henge, layout_basic
D:2:      layout_loops_ring, roderic_lattice_a
D:3:      layout_rooms, uniq_sigmund
D:4:      layout_layer_cave
D:5:      layout_loops_ring
D:6:      layout_loops_corners, mainiacjoe_overflow_surrounded_room,
          serial_shops, nicolae_shop_bloodbath_and_beyond,
          minmay_increasing_density
D:7:      layout_gridville, minmay_temple_entry_statues_fountains
D:8:      wander_kiku_kobolds, layout_basic, pdpol_wu_jian_five_deadly_venoms,
          serial_ice, serial_ice_n, serial_ice_l, serial_ice_c, serial_ice_m,
          serial_ice_o, serial_ice_g, serial_ice_f, serial_ice_d,
          corner_web_ring, uniq_gastronok
D:9:      layout_basic, mainiacjoe_overflow_six_doors_small, serial_shops,
          nicolae_shop_behind_doors
D:10:     layout_irregular_city, serial_bayou, serial_bayou_shore_a,
          serial_bayou_pond_b, serial_bayou_ford_a, serial_bayou_crossing,
          minivault_15, minmay_holes, uniq_urug
D:11:     layout_loops_ring, erik_lair_island
D:12:     layout_loops_ring, erik_orc_2
D:13:     layout_grid_maze, hangedman_vaults_entry_quadrant_bands
Temple:   hellmonk_temple_divided_pantheon
Lair:1:   layout_chaotic_city, nzn_ghost_randoct, infiniplex_staircase_pool_2,
          uniq_amaemon, uniq_joseph
Lair:2:   layout_misc_corridors, uniq_maggie
Lair:3:   nzn_winding_woodlands_large [nzn_winding_woodlands_5x5_open_star,
          nzn_winding_woodlands_5x15_sidewinder,
          nzn_winding_woodlands_5x5_checkerboard,
          nzn_winding_woodlands_center_pierced_h,
          nzn_winding_woodlands_15x15_thick_spiral,
          nzn_winding_woodlands_center_diamonds,
          nzn_winding_woodlands_5x5_three,
          nzn_winding_woodlands_5x15_river_crossing,
          nzn_winding_woodlands_5x5_default], layout_cave_shapes,
          elwin_shoals_entry_rocks, uniq_fannar
Lair:4:   layout_roguey, grunt_megastairs_4
Lair:5:   layout_cave_shapes, slime_entry_1, ebering_ghost_rock_garden,
          infiniplex_staircase_pool
Lair:6:   minmay_lair_end_enchanted_forest, layout_layer_cave, tgw_fedhas,
          uniq_rupert, uniq_sonja
Orc:1:    cheibrodos_orc_bank, layout_diamond_mine, basic_altar
Orc:2:    st_orc_pillars, layout_caves, serial_shops, shop, uniq_saint_roka

Skill      XL: |  1  2  3  4  5  6  7  8  9 10 11 12 13 14 15 |
---------------+----------------------------------------------+-----
Shields        | 3 4 5 6 7 8 9 10 | 10.2
Axes           | 4 5 6 7 8 10 | 10.0
Armour         | 3 4 5 6 7 8 9 |  9.9
Fighting       | 4 5 6 8 9 11 12 | 12.1
Dodging        | 1 2 3 5 6 7 |  7.9
Evocations     | 1 2 3 |  3.8
Maces & Flails | 2 8 11 13 | 13.5
Stealth        | 1 2 3 |  3.3
Polearms       | |  0.8

Action                   |  1- 3 |  4- 6 |  7- 9 | 10-12 | 13-15 || total
-------------------------+-------+-------+-------+-------+-------++-------
Melee: War axe           |   119 |   103 |    93 |       |       ||   315
       Tailslap          |    13 |    15 |    49 |   140 |   218 ||   435
       Trident           |       |       |   122 |       |       ||   122
       Flail             |       |       |   172 |   745 |  1118 ||  2035
Invok: Potion Petition   |       |       |       |     5 |     2 ||     7
 Abil: Rolling Charge    |    25 |    13 |    46 |    68 |    72 ||   224
Evoke: Wand              |     2 |       |    27 |    30 |     2 ||    61
  Use: Scroll            |     4 |     2 |    18 |    12 |     8 ||    44
       Potion            |     3 |     1 |     2 |     4 |     5 ||    15
 Stab: Distracted        |       |       |       |     2 |     6 ||     8
       Invisible         |       |       |       |     3 |     6 ||     9
Armor: Scale mail        |    54 |    64 |    43 |   160 |   342 ||   663
       Ring mail         |       |       |    86 |    61 |       ||   147
Dodge: Dodged            |    57 |   171 |   238 |   503 |   490 ||  1459
Block: Buckler           |    22 |    34 |    90 |   206 |   105 ||   457
       Kite shield       |       |       |       |       |   363 ||   363

Table legend: (Time is in decaauts)
 A = Elapsed time spent in this place.
 B = Non-inter-level travel time spent in this place.
 C = Inter-level travel time spent in this place.
 D = Time resting spent in this place.
 E = Time spent auto-exploring this place.
 F = Levels seen in this place.
 G = Mean time per level.
                   A        B        C        D        E       F      G
               +--------+--------+--------+--------+--------+-----+--------+
         Total |  30632 |  27574 |   3058 |   5712 |  15789 |  22 | 1392.4 |
       Dungeon |  20572 |  18981 |   1591 |   5225 |  10260 |  13 | 1582.5 |
        Temple |     56 |      6 |     50 |      0 |      0 |   1 |   56.0 |
          Lair |   7814 |   6780 |   1034 |    302 |   4767 |   6 | 1302.3 |
  Orcish Mines |   2188 |   1806 |    382 |    185 |    761 |   2 | 1094.0 |
               +--------+--------+--------+--------+--------+-----+--------+

Top non-repeatable levels by time:
     D:8: 2907 daAuts
    D:11: 2573 daAuts
    D:10: 2352 daAuts
  Lair:6: 2265 daAuts
    D:12: 2228 daAuts
     D:9: 1520 daAuts
  Lair:3: 1442 daAuts
     D:7: 1421 daAuts
  Lair:1: 1416 daAuts
     D:2: 1415 daAuts
     D:5: 1276 daAuts
   Orc:2: 1242 daAuts
     D:4: 1146 daAuts
     D:6: 1121 daAuts
     D:1: 987 daAuts
